 Dungeon Crawl Stone Soup version 0.25-a0-41-g6cf4ce537d (webtiles) character file.

Game seed: 2217247552850194403, levelgen mode: deterministic

926 Gynju the Magician (level 7, -8/36 HPs)
             Began as a Deep Elf Fire Elementalist on Oct 21, 2019.
             Killed by nerve-wracking pain
             ... invoked by an orc priest
              (10 damage)
             ... on level 7 of the Dungeon.
             The game lasted 00:07:12 (5440 turns).

Gynju the Magician (Deep Elf Fire Elementalist)     Turns: 5440, Time: 00:07:13

Health: -8/36      AC:  8    Str: 10    XL:     7   Next: 85%
Magic:  1/18       EV: 15    Int: 22    God:
Gold:   187        SH:  0    Dex: 15    Spells: 11/18 levels left

rFire    . . .     SeeInvis .   d - +3 dagger (venom)
rCold    . . .     Gourm    .   (no shield)
rNeg     . . .     Faith    .   g - +0 leather armour
rPois    .         Spirit   .   a - +0 helmet
rElec    .         Reflect  .   b - +2 cloak
rCorr    .         Harm     .   h - +0 pair of gloves
MR       .....                  (no boots)
Stlth    ++........             (no amulet)
HPRegen  0.12/turn              p - +5 ring of strength
MPRegen  0.16/turn              (no ring)

@: very slightly contaminated
A: no striking features
a: no special abilities


You were on level 7 of the Dungeon.
You were hungry.

You visited 1 branch of the dungeon, and saw 6 of its levels.

You collected 187 gold pieces.

Inventory:

Hand Weapons
 d - a +3 dagger of venom (weapon)
Missiles
 o - a throwing net
 q - 45 stones (quivered)
Armour
 a - a +0 helmet (worn)
 b - a +2 cloak (worn)
 g - a +0 leather armour (worn)
 h - a +0 pair of gloves (worn)
Jewellery
 j - an uncursed ring of positive energy {unknown}
 p - a +5 ring of strength (left hand)
Wands
 w - a wand of digging (4)
Scrolls
 f - 2 scrolls of enchant armour
 m - a scroll of random uselessness
Potions
 e - 3 potions of heal wounds
 i - 2 potions of degeneration {unknown}
 k - a potion of curing {unknown}
 l - a potion of might {unknown}
 n - 2 potions of brilliance {unknown}
 t - a potion of mutation {unknown}
 z - a potion of ambrosia {unknown}
 A - a potion of cancellation {unknown}
Comestibles
 c - 9 rations


   Skills:
 + Level 5.5 Dodging
 - Level 2.4 Stealth
 + Level 6.3 Spellcasting
 + Level 4.6 Conjurations
 + Level 3.4 Necromancy
 + Level 5.6 Fire Magic


You had 11 spell levels left.
You knew the following spells:

 Your Spells              Type           Power        Failure   Level  Hunger
a - Flame Tongue          Conj/Fire      ####.        1%          1    None
b - Throw Flame           Conj/Fire      ####..       2%          2    None
c - Conjure Flame         Conj/Fire      ####....     4%          3    #......
d - Animate Skeleton      Necr           N/A          3%          1    None

Your spell library contained the following spells:

 Spells                   Type           Power        Failure   Level  Hunger
 Pain                     Necr           ###.         3%          1    None
 Vampiric Draining        Necr           ###.......   9%          3    #......
 Inner Flame              Hex/Fire       ###.....     12%         3    #......
 Sticky Flame             Conj/Fire      ####....     14%         4    ###....
 Regeneration             Chrm/Necr      ##........   19%         3    #......
 Animate Dead             Necr           N/A          28%         4    ###....
 Fireball                 Conj/Fire      ####......   38%         5    #####..


Dungeon Overview and Level Annotations

Branches:
Dungeon (7/15)
 Temple: D:4-7

Altars:
Elyvilon
Kikubaaqudgha
Okawaru
Xom
The Shining One

Annotations:
D:7 3 runed translucent doors, exclusion: orc wizard, Xerberus86's ghost, novice DsFi


Message History

The flame tongue hits the orc.
You kill the orc!
The orc priest hits you but does no damage.
Casting: Flame Tongue (safe; 1% risk of failure)
Confirm with . or Enter, or press ? or * to list all spells.
Aiming: Flame Tongue (safe; 1% risk of failure)
Press: ? - help, Shift-Dir - straight line, f - orc priest
Aim: an orc priest, wielding a +0 short sword The flame tongue hits the orc priest.
The orc priest is lightly wounded.
The orc priest hits you but does no damage.
Casting: Flame Tongue (safe; 1% risk of failure)
Confirm with . or Enter, or press ? or * to list all spells.
Aiming: Flame Tongue (safe; 1% risk of failure)
Press: ? - help, Shift-Dir - straight line, f/p - orc priest
Aim: an orc priest, wielding a +0 short sword (lightly wounded)
The flame tongue misses the orc priest.
The orc priest mumbles some strange prayers to Beogh against you.
Pain shoots through your body!
You die...

#####....##.# #........
..##.....##.######....####
..#..........#...........#.
..........#................
..#..........#...........#.
..#..........#####....####
###.....#.##.# #..........
#..........# #.#...#.###
##.######### #@#...#.# .#
#...†o)..## # .# #..o.....#
#..##.##.# #.. #.. .>. ...
... .### #.# ### #.


You could see an orc priest and an orc wizard.

Vanquished Creatures
  Menkaure (D:7)
  An ice beast (D:7)
  A necrophage (D:7)
  An ogre (D:4)
  2 bullfrogs (D:7)
  2 howler monkeys (D:4)
  An orc priest (D:4)
  Ijyb (D:3)
  An orc wizard (D:3)
  An iguana (D:3)
  A worker ant (D:4)
  3 gnolls
  7 adders
  A shadow imp (D:4)
  2 oozes
  An adder skeleton (D:4)
  4 worms
  5 leopard geckos
  8 orcs
  2 giant cockroaches
  6 goblins
  10 hobgoblins
  2 jackals (D:1)
  2 quokkas
  A ball python (D:1)
  7 bats
  4 frilled lizards
  8 kobolds
  A quokka skeleton (D:3)
  7 rats
94 creatures vanquished.

Vanquished Creatures (others)
  2 fungi (D:7)
2 creatures vanquished.

Grand Total: 96 creatures vanquished

Notes
Turn   | Place    | Note
-------+----------+-------------------------------------------
     0 | D:1      | Gynju the Deep Elf Fire Elementalist began the quest for
                  | the Orb.
     0 | D:1      | Reached XP level 1. HP: 10/10 MP: 6/6
   115 | D:1      | Reached XP level 2. HP: 12/15 MP: 6/8
  1141 | D:1      | Reached XP level 3. HP: 19/19 MP: 5/10
  1145 | D:1      | Learned a level 2 spell: Throw Flame
  1149 | D:1      | Learned a level 3 spell: Conjure Flame
  1729 | D:2      | Found a white marble altar of Elyvilon.
  2227 | D:2      | Found a shimmering altar of Xom.
  2229 | D:2      | Found a basalt altar of Yredelemnul.
  2229 | D:2      | Found a hide-covered altar of Uskayaw.
  2235 | D:2      | Reached skill level 4 in Spellcasting
  2245 | D:2      | Reached XP level 4. HP: 24/24 MP: 9/12
  2267 | D:2      | Found a radiant altar of Vehumet.
  2267 | D:2      | Found an iron altar of Okawaru.
  2267 | D:2      | Found a sacrificial altar of Ru.
  2639 | D:2      | Found a faded altar of an unknown god.
  3132 | D:3      | Reached XP level 5. HP: 28/28 MP: 2/13
  3352 | D:3      | Learned a level 1 spell: Animate Skeleton
  3616 | D:3      | Found a glowing golden altar of the Shining One.
  3661 | D:3      | Noticed Ijyb
  3670 | D:3      | Killed Ijyb
  4166 | D:4      | Reached skill level 5 in Spellcasting
  4166 | D:4      | Reached skill level 1 in Necromancy
  4166 | D:4      | Reached XP level 6. HP: 20/32 MP: 12/15
  4682 | D:4      | Found an iron altar of Okawaru.
  4704 | D:4      | Found an ancient bone altar of Kikubaaqudgha.
  4761 | D:4      | Reached skill level 5 in Fire Magic
  5012 | D:4      | You fall into a shaft and drop 1 floor!
  5012 | D:5      | Entered Level 5 of the Dungeon
  5200 | D:4      | You fall into a shaft and drop 3 floors!
  5211 | D:7      | Reached XP level 7. HP: 36/36 MP: 13/17
  5259 | D:7      | Reached skill level 5 in Dodging
  5344 | D:7      | Found a runed translucent gate.
  5344 | D:7      | Found a runed translucent gate.
  5344 | D:7      | Found a runed translucent gate.
  5345 | D:7      | Identified the +10 short sword of Sasogg {drain, rF+}
  5348 | D:7      | Noticed Xerberus86's ghost (novice DsFi)
  5420 | D:7      | Noticed Menkaure
  5426 | D:7      | Killed Menkaure
  5426 | D:7      | Reached skill level 6 in Spellcasting
  5436 | D:7      | HP: 1/36 [orc/+0 falchion (4)]
  5440 | D:7      | Killed from afar by an orc priest

Levels and vault maps discovered:
D:1:      dpeg_arrival_central, layout_basic
D:2:      layout_basic, old_standard_altar, chequers_ecumenical_altar_twisty,
          doesnt_xom_only_xom
D:3:      layout_basic, nicolae_tso_carved_into_rock, uniq_ijyb
D:4:      layout_loops_corners, grunt_temple_overflow_open, first_ration
D:5:      layout_cave_pools, temple_statues, uniq_sigmund, uniq_blork_the_orc,
          uniq_duvessa
D:7:      layout_loops_cross, lemuel_doored_altar,
          gammafunk_ghost_nasty_kobolds, uniq_menkaure

Skill      XL: |  1  2  3  4  5  6  7 |
---------------+----------------------+-----
Dodging        | 3 4 5 |  5.5
Conjurations   | 2 3 4 |  4.6
Spellcasting   | 4 5 6 |  6.3
Fire Magic     | 4 5 |  5.6
Necromancy     | 1 2 3 |  3.4
Stealth        | |  2.4

Action                   |  1- 3 |  4- 6 |  7- 9 || total
-------------------------+-------+-------+-------++-------
 Cast: Flame Tongue      |    67 |   129 |    24 ||   220
       Conjure Flame     |       |     2 |       ||     2
  Use: Scroll            |       |     9 |       ||     9
  Eat: Chunk             |     4 |     9 |       ||    13
Armor: Robe              |     3 |       |       ||     3
       Leather armour    |     4 |     9 |     9 ||    22
Dodge: Dodged            |    14 |    28 |    16 ||    58

Table legend:
 A = Non-vault XP
 B = Vault XP
 C = Vault XP percentage of total XP
 D = Non-vault monster count
 E = Vault monster count
 F = Vault count percentage of total count
                 A         B        C        D         E       F
            +---------+---------+-------+---------+---------+-------
      Total |    1111 |     213 |  16.1 |      92 |       2 |   2.1
            +---------+---------+-------+---------+---------+-------
        D:1 |      50 |       0 |   0.0 |      27 |       0 |   0.0
        D:2 |      75 |       0 |   0.0 |      14 |       0 |   0.0
        D:3 |     206 |      38 |  15.6 |      34 |       1 |   2.9
        D:4 |     335 |       0 |   0.0 |      11 |       0 |   0.0
        D:5 |       3 |       0 |   0.0 |       1 |       0 |   0.0
        D:7 |     442 |     175 |  28.4 |       5 |       1 |  16.7
            +---------+---------+-------+---------+---------+-------
